 Dungeon Crawl Stone Soup version 0.25.0-10-g039870e (webtiles) character file.

Game seed: 1553832212827481478

251 shmeve the Cudgeler (level 5, 0/53 HPs)
             Began as a Troll Berserker on June 22, 2020.
             Was a Believer of Trog.
             Slain by an orc priest
             ... wielding a +0 club
              (4 damage)
             ... on level 4 of the Dungeon.
             The game lasted 00:05:22 (2569 turns).

shmeve the Cudgeler (Troll Berserker)               Turns: 2569, Time: 00:05:23

Health: 0/53       AC:  6    Str: 25    XL:     5   Next: 88%
Magic:  4/4        EV: 11    Int:  4    God:    Trog [**....]
Gold:   164        SH:  0    Dex:  9    Spells: 4/4 levels left

rFire    . . .     SeeInvis .   a - +0 mace
rCold    . . .     Gourm    +   (no shield)
rNeg     . . .     Faith    .   b - +0 animal skin
rPois    .         Spirit   .   (helmet restricted)
rElec    .         Reflect  .   (no cloak)
rCorr    .         Harm     .   (gloves unavailable)
MR       ++...                  (boots unavailable)
Stlth    +.........             (no amulet)
HPRegen  1.57/turn              (no ring)
MPRegen  0.09/turn              (no ring)

@: berserk cooldown, regenerating, slowed, very slow
A: large, unfitting armour, claws 3, fast metabolism 3, gourmand, regeneration
1, shaggy fur 1, tough skin 3
a: Berserk, Trog's Hand, Renounce Religion


You were on level 4 of the Dungeon.
You worshipped Trog.
Trog was pleased with you.
You were very full.

You visited 1 branch of the dungeon, and saw 4 of its levels.

You collected 164 gold pieces.

Inventory:

Hand Weapons
 a - a +0 mace (weapon)
Missiles
 g - 238 stones (quivered)
Armour
 b - a +0 animal skin (worn)
Scrolls
 d - 4 scrolls of remove curse {unknown}
 h - 2 scrolls of fog {unknown}
 k - 2 scrolls of teleportation {unknown}
 n - 2 scrolls of identify {unknown}
 o - a scroll of noise {unknown}
 p - a scroll of amnesia {unknown}
 r - a scroll of immolation {unknown}
Potions
 e - a potion of lignification {unknown}
 f - a potion of invisibility {unknown}
 i - a potion of stabbing {unknown}
 j - 2 potions of heal wounds {unknown}
 l - a potion of ambrosia {unknown}
 m - a potion of haste {unknown}
 q - a potion of mutation {unknown}
Comestibles
 c - 9 rations


   Skills:
 * Level 3.4 Fighting
 * Level 3.8 Maces & Flails
 * Level 2.4 Throwing
 * Level 3.4 Dodging


You had 4 spell levels left.
You didn't know any spells.
Your spell library was empty.

Dungeon Overview and Level Annotations

Branches:
Dungeon (4/15)
 Temple: D:4-7

Altars:
Cheibriados
Dithmenos
Elyvilon
Fedhas
Okawaru
Qazlal
The Shining One


Innate Abilities, Weirdness & Mutations

You are too large for most types of armour.
You have claws for hands.
Your metabolism is lightning-fast.
You like to eat raw meat.
Your natural rate of healing is unusually fast.
You are covered in fur. (AC +1)
You have extremely tough skin. (AC +3)


Message History

The giant cockroach misses you. The orc wizard closely misses you.
The orc hits you with a +0 flail!
* * * LOW HITPOINT WARNING * * *
The orc priest hits you but does no damage.
The giant cockroach barely misses you.
The orc wizard hits you with a +0 dagger.
* * * LOW HITPOINT WARNING * * *
Your skin crawls.
You feel resistant to hostile enchantments.
You feel somewhat less full. The orc hits you but does no damage.
The giant cockroach bites you.
* * * LOW HITPOINT WARNING * * *
The orc priest closely misses you.
The orc wizard hits you but does no damage.
The giant cockroach misses you. The orc barely misses you.
You hit the orc but do no damage. The orc priest misses you.
The orc wizard casts a spell.
The orc wizard blinks!
The giant cockroach barely misses you. The orc closely misses you.
The orc priest hits you with a +0 club.
You die...

..# ...# ...#
...#
########...#
#<....#....#
###.o......#
#.#..so..###.
#.###@o......
#.# ##w...###
#.. ..#.# ###
..# # ...
.### ##


You could see a worm, an orc priest, an orc wizard, an orc and a giant
cockroach.

Vanquished Creatures
  A sky beast (D:3)
  Natasha (D:3)
  An orc wizard (D:4)
  3 adders
  An ooze (D:2)
  An adder skeleton (D:3)
  3 dart slugs
  A leopard gecko (D:2)
  An orc (D:3)
  4 giant cockroaches
  10 goblins
  8 hobgoblins
  2 jackals (D:2)
  9 kobolds
  2 quokkas (D:2)
  6 bats
  5 frilled lizards (D:2)
  9 rats
68 creatures vanquished.

Notes
Turn   | Place    | Note
-------+----------+-------------------------------------------
     0 | D:1      | shmeve the Troll Berserker began the quest for the Orb.
     0 | D:1      | Reached XP level 1. HP: 22/22 MP: 0/0
   280 | D:1      | Reached XP level 2. HP: 29/29 MP: 1/1
   415 | D:1      | Reached ** piety under Trog
   563 | D:1      | Reached skill level 1 in Throwing
   989 | D:2      | Reached XP level 3. HP: 36/36 MP: 2/2
   999 | D:2      | Found a shadowy altar of Dithmenos.
  1318 | D:2      | Found an iron altar of Okawaru.
  1527 | D:2      | Found a blossoming altar of Fedhas.
  1528 | D:2      | Found a stormy altar of Qazlal.
  1557 | D:2      | Reached XP level 4. HP: 44/44 MP: 3/3
  1893 | D:3      | Found a faded altar of an unknown god.
  2111 | D:3      | Found a white marble altar of Elyvilon.
  2212 | D:3      | Noticed a sky beast
  2238 | D:3      | Killed a sky beast
  2238 | D:3      | Reached XP level 5. HP: 24/53 MP: 4/4
  2328 | D:3      | Found a snail-covered altar of Cheibriados.
  2420 | D:3      | Noticed Natasha
  2427 | D:3      | Killed Natasha
  2443 | D:3      | Found a glowing golden altar of the Shining One.
  2567 | D:4      | HP: 2/53 [orc/+0 flail (12)]
  2569 | D:4      | Slain by an orc priest

Illustrated notes

Levels and vault maps discovered:
D:1:      dpeg_arrival_boxorama, layout_basic, minmay_misc_feat_square
D:2:      layout_loops_ring, lemuel_round_altar, grunt_dithmenos_smoke,
          grunt_temple_overflow_forces_of_nature, first_ration
D:3:      layout_rooms, marbit_many_paths, lemuel_doored_altar,
          old_standard_altar, chequers_ecumenical_altar_island,
          grunt_decor_clamped, minmay_misc_feat_five, uniq_natasha
D:4:      layout_basic, lemuel_crystal_altar, serial_shops, shop, uniq_duvessa

Skill      XL: |  1  2  3  4 |
---------------+-------------+-----
Maces & Flails | 3 |  3.8
Throwing       | 1 2 |  2.4
Dodging        | 3 |  3.4
Fighting       | 3 |  3.4

Action                   |  1- 3 |  4- 6 || total
-------------------------+-------+-------++-------
Melee: Mace              |   137 |    92 ||   229
Throw: Stone             |    15 |    23 ||    38
Invok: Berserk           |       |     2 ||     2
       Trog's Hand       |       |     1 ||     1
 Stab: Sleeping          |     2 |     1 ||     3
  Eat: Chunk             |    20 |    10 ||    30
Armor: Animal skin       |    73 |    56 ||   129
Dodge: Dodged            |    85 |    63 ||   148
